Map: Ruins of Endion

Players

Fropez - Winner!

  • Race: Protoss Protoss
  • League: Silver
  • Spawn Location: 7:00

Elusive

  • Race: Zerg Zerg
  • League: Bronze
  • Spawn Location: 5:00

VOD

Have the link to the VOD?

Description

Time

  • Played on: May 27, 2016, 11:48 p.m.
  • Length: 19:25
Show
View Real Time Build Order
Export as new Build Order

Fropez Protoss - Winner!

Build Orders:  

Get SALT Encoding   

  12  0:01  Probe (Chrono Boost)  
  13  0:16  Pylon  
  13  0:20  Probe (Chrono Boost)  
  14  0:34  Gateway  
  14  0:36  Probe (Chrono Boost)  
  15  0:51  Probe (Chrono Boost)  
  16  0:57  Assimilator  
  16  1:01  Probe (Chrono Boost)  
  16  1:02  Assimilator  
  17  1:12  Probe (Chrono Boost)  
  18  1:24  Probe (Chrono Boost), Cybernetics Core  
  19  1:26  Gateway  
  19  1:42  Probe (Chrono Boost)  
  20  1:47  Pylon  
  20  1:53  Probe (Chrono Boost)  
  21  2:01  Warp Gate (Chrono Boost)  
  21  2:04  Mothership Core (Chrono Boost)  
  23  2:22  Probe (Chrono Boost)  
  24  2:24  Stalker x2  
  28  2:33  Probe (Chrono Boost)  
  29  2:41  Pylon  
  29  2:43  Probe (Chrono Boost)  
  31  2:58  Probe (Chrono Boost)  
  31  3:00  Stalker  
  31  3:02  Stalker  
  35  3:10  Probe  
  36  3:22  Probe  
  37  3:30  Pylon, Stalker  
  39  3:48  Probe  
  40  3:51  Stalker  
  40  3:52  Gateway  
  42  4:00  Probe  
  43  4:12  Probe  
  44  4:21  Nexus  
  44  4:40  Probe  
  44  4:42  Pylon  
  45  4:53  Pylon, Probe  
  45  4:54  Pylon  
  46  5:04  Forge  
  46  5:05  Probe  
  47  5:36  Stalker x3  
  47  5:37  Probe  
  47  5:40  Protoss Ground Weapons Level 1 (Chrono Boost)  
  47  5:42  Probe  
  54  5:49  Probe  
  56  5:51  Photon Cannon  
  56  5:52  Photon Cannon  
  56  5:55  Gateway  
  56  5:58  Assimilator  
  56  5:59  Probe  
  56  6:02  Probe  
  56  6:03  Assimilator  
  58  6:12  Probe  
  58  6:14  Probe  
  60  6:22  Probe  
  60  6:24  Stalker x3  
  67  6:26  Probe  
  68  6:40  Twilight Council  
  68  6:46  Probe  
  68  6:47  Probe  
  69  6:52  Robotics Facility  
  70  6:56  Gateway  
  70  7:05  Stalker x4  
  66  7:26  Probe  
  66  7:27  Probe  
  66  7:33  Stalker  
  66  7:34  Stalker x3  
  66  7:37  Probe  
  75  7:49  Probe  
  75  7:50  Probe  
  77  8:00  Immortal  
  77  8:05  Stalker x2  
  83  8:10  Probe  
  86  8:15  Pylon  
  86  8:32  Probe  
  87  8:38  Nexus  
  87  8:40  Immortal  
  91  8:41  Assimilator  
  91  8:43  Probe, Assimilator  
  91  8:47  Pylon  
  92  8:54  Stalker  
  94  9:02  Pylon  
  94  9:19  Immortal  
  98  9:27  Protoss Ground Weapons Level 2 (Chrono Boost)  
  98  9:30  Probe  
  98  9:31  Probe  
  98  9:34  Stalker x5  
  110  9:42  Blink (Chrono Boost)  
  110  9:53  Probe  
  111  10:03  Pylon, Probe  
  111  10:04  Pylon, Probe  
  111  10:13  Stalker x5  
  121  10:32  Pylon  
  121  10:36  Gateway  
  121  10:40  Gateway  
  121  10:56  Probe  
  122  11:04  Immortal  
  122  11:07  Nexus  
  122  11:08  Pylon  
  122  11:09  Pylon  
  126  11:12  Assimilator  
  126  11:14  Assimilator  
  126  11:15  Templar Archives  
  126  11:16  Probe  
  126  11:17  Pylon, Probe  
  128  11:28  Protoss Ground Weapons Level 3 (Chrono Boost), Stalker x4  
  128  11:29  Charge (Chrono Boost)  
  136  11:32  Stalker  
  138  11:44  Observer  
  139  11:47  Forge  
  131  12:00  Stalker x4  
  131  12:01  Stalker  
  109  13:06  Protoss Ground Armor Level 1 (Chrono Boost)  
  109  13:23  Psionic Storm  
  109  13:29  High Templar x5  
  109  13:30  High Templar x2  
  123  13:37  Gateway  
  123  13:38  Gateway  
  123  13:39  Gateway  
  123  13:41  Pylon, Gateway  
  123  13:48  Nexus  
  123  13:50  Assimilator  
  123  13:55  Assimilator  
  123  13:57  Pylon  
  123  13:58  Pylon  
  123  14:00  Pylon  
  124  14:03  Observer  
  124  14:04  Pylon  
  110  14:54  High Templar  
  110  14:55  High Templar x6  
  122  15:07  Archon x3  
  110  16:04  Nexus  
  110  16:08  Assimilator  
  110  16:10  Assimilator  
  106  17:28  Protoss Ground Armor Level 2 (Chrono Boost), Protoss Shields Level 1 (Chrono Boost)  
  106  17:31  Adept x4  
  106  17:32  Adept x6  
  106  17:33  Adept, Pylon  
  106  17:34  Pylon  
  128  17:59  Adept x4  
  128  18:00  Adept x4  
  128  18:01  Adept x2  
  128  18:02  Adept  
  150  18:32  Zealot x2  
  150  18:33  Zealot x6  
  150  18:34  Zealot x3  
Show
View Real Time Build Order
Export as new Build Order

Elusive Zerg 

Build Orders: Pool First 

Get SALT Encoding   

  12  0:05  Drone  
  13  0:25  Spawning Pool  
  13  0:27  Drone  
  13  1:03  Drone  
  14  1:05  Overlord  
  14  1:37  Drone  
  14  1:38  Drone  
  16  1:58  Zergling x4  
  18  2:17  Hatchery  
  17  2:30  Drone x3  
  20  2:38  Extractor  
  20  2:39  Extractor  
  20  2:43  Roach Warren  
  17  2:50  Drone  
  18  3:19  Drone  
  20  3:20  Drone x2  
  21  3:31  Drone  
  22  3:46  Drone x2  
  24  3:49  Drone  
  25  4:06  Drone  
  25  4:07  Drone  
  27  4:32  Drone  
  28  4:41  Overlord x2  
  28  5:00  Roach  
  28  5:01  Roach x2  
  28  5:04  Extractor  
  32  5:19  Roach  
  33  5:34  Roach  
  33  5:35  Roach  
  37  5:39  Roach x3  
  43  5:55  Lair  
  43  6:00  Overlord x2  
  43  6:18  Roach  
  43  6:19  Roach x2  
  49  6:38  Roach x3  
  55  6:40  Hatchery  
  54  6:56  Hatchery  
  29  7:37  Roach  
  29  7:38  Roach x2  
  29  7:42  Roach x3  
  41  8:11  Roach x3  
  47  8:15  Roach x3  
  53  8:38  Roach x2  
  57  9:00  Roach x2  
  61  9:06  Drone x3  
  64  9:14  Spire  
  63  9:23  Hatchery  
  62  9:26  Roach, Hatchery  
  62  9:27  Roach  
  65  10:09  Overlord x3  
  65  10:14  Overlord x2  
  65  10:15  Overlord  
  65  10:26  Hatchery  
  64  10:30  Mutalisk x3  
  64  10:33  Mutalisk x2  
  74  10:37  Mutalisk  
  74  10:38  Mutalisk  
  78  10:50  Zerg Flyer Weapons Level 1  
  78  11:07  Mutalisk x2  
  78  11:08  Mutalisk  
  84  11:13  Mutalisk  
  84  11:14  Mutalisk x2  
  84  11:17  Zergling x8  
  84  11:18  Zergling x2  
  95  11:25  Extractor  
  94  11:27  Extractor, Drone x3  
  23  12:50  Mutalisk x2  
  23  12:51  Mutalisk  
  29  13:15  Mutalisk x3  
  29  13:19  Drone x2  
  37  13:23  Drone x2  
  37  13:24  Drone  
  40  13:46  Drone x3  
  43  13:51  Drone x2  
  43  13:52  Drone  
  46  14:14  Roach x2  
  46  14:15  Roach x4  
  58  15:11  Mutalisk x3  
  64  15:15  Mutalisk x3  
  54  16:18  Mutalisk x3  
  54  16:22  Mutalisk x2  
  54  16:23  Mutalisk  
  52  16:50  Drone  
  52  16:51  Drone x2  
  50  16:54  Drone x2  
  50  16:55  Drone  
  50  17:00  Spire, Lair  
  32  17:01  Lair  
  23  17:41  Mutalisk x2  
  26  18:04  Hatchery  
  25  18:07  Hatchery x2  
  25  18:09  Hatchery x2  
  25  18:10  Hatchery x2  
Tags
 
Matchup
PvZ
Opening
Pool First
Replay Pack
All Mines
Spawn Locations
Close Positions
Add a new tag
Caveats
  • Supply blocks, unpowered buildings, or Contaminate may cause inaccurate times.
  • Supply counts are checked every 10 seconds.